Flyers vs Devils (R2)

Created - May 17, 2018 at 20:53

Goals
1 2 3 T
Flyers 0 3 0 3
Devils 0 1 1 2
Shots
1 2 3 T
Flyers 7 13 4 24
Devils 5 7 10 22

1st period

No Goal

Penalties :
Marcus Kruger (Phi) for Holding (Minor) at 1:04, Mikko Koivu (NJD) for Interference (Minor) at 3:31, Matt Duchene (NJD) for Interference (Minor) at 7:49, Matt Smaby (Phi) for Kneeing (Minor) at 8:22, Brian McGrattan (Phi) for Hooking (Minor) at 11:14, Brandon Bollig (NJD) for Hooking (Minor) at 14:27, Kellan Lain (NJD) for Roughing (Minor) at 0:00

2nd period

1. Devils , Patrick Kane 8 (Ryan Whitney 5, Jonathan Toews 5) at 2:42
2. Flyers , Marcus Kruger 3 (Drew Miller 4, Tom Poti 5) at 6:56
3. Flyers , Jeff Carter 7 (Jaromir Jagr 7) at 7:10
4. Flyers , Jaromir Jagr 4 (Jeff Woywitka 4, Jeff Carter 13) at 16:15 (PP)

Penalties :
Matt Duchene (NJD) for High sticking (Minor) at 8:14, Taylor Hall (NJD) for Close Hand On Puck (Minor) at 15:53, Kyle Wellwood (Phi) for Holding (Minor) at 16:54

3rd period

5. Devils , Mikko Koivu 1 (Taylor Hall 8, Martin St. Louis 1) at 6:10

Penalties :
Ryan Whitney (NJD) for Goalie Interference (Minor) at 8:02, Randy Jones (Phi) for Tripping (Minor) at 12:53, Tom Poti (Phi) for Cross-checking (Minor) at 18:22

Goalie Stats

Cory Schneider (Phi), 20 saves from 22 shots - (0.909), W, 2-1-0, 60:00 minutes
Ryan Miller (NJD), 21 saves from 24 shots - (0.875), L, 5-3-1, 60:00 minutes

Players Stats for Flyers

Player Name              G  A  P  +/- PIM S  H  SB GA TA FO     MP     PP MP  PK MP  
------------------------------------------------------------------------------------
Brian McGrattan          0  0  0  -1  2   0  3  0  0  0  0/0     9:06   0:00   0:00 
Chris Mcallister         0  0  0   0  0   0  0  0  0  0  0/0     8:58   0:00   3:06 
Dany Heatley             0  0  0   0  0   2  2  0  0  0  0/2    14:54   4:26   0:00 
Drew Miller              0  1  1  -1  0   0  0  0  0  1  0/0    14:12   0:00   5:05 
J.T. Miller              0  0  0   1  0   4  3  1  0  0  2/4    21:56   6:25   1:55 
Jakub Voracek            0  0  0   0  0   3  1  0  0  0  0/0    14:31   4:26   0:00 
Jaromir Jagr             1  1  2   1  0   3  1  1  1  0  0/0    18:31   6:25   0:00 
Jeff Carter              1  1  2   1  0   5  2  1  1  0  21/29  20:48   6:21   0:51 
Jeff Woywitka            0  1  1   1  0   0  1  2  0  0  0/0    27:49   5:58   4:28 
Kyle Wellwood            0  0  0   0  2   2  2  1  0  0  4/9    17:40   4:26   2:24 
Marcus Kruger            1  0  1  -1  2   1  1  0  0  0  0/3    11:15   0:04   1:57 
Mats Zuccarello          0  0  0   0  0   0  0  0  0  0  0/0     5:37   0:00   0:00 
Matt Smaby               0  0  0   1  2   2  3  1  0  0  0/0    26:16   5:57   3:34 
Matthew Lombardi         0  0  0   0  0   0  4  0  0  0  3/6    10:31   0:00   4:54 
Oliver Ekman-Larsson     0  0  0   0  0   0  0  1  0  0  0/0    22:52   4:53   5:59 
Randy Jones              0  0  0  -1  2   0  0  0  0  0  0/0    11:12   0:00   0:41 
Tom Poti                 0  1  1   0  2   0  0  1  0  0  0/0    22:06   4:53   5:30 
Victor Bartley           0  0  0  -1  0   2  2  0  0  0  0/0    10:08   0:00   0:00 

Players Stats for Devils

Player Name              G  A  P  +/- PIM S  H  SB GA TA FO     MP     PP MP  PK MP  
------------------------------------------------------------------------------------
Anthony Stewart          0  0  0   0  0   0  2  0  1  0  0/0     8:12   0:00   0:00 
Brandon Bollig           0  0  0  -1  2   0  2  0  0  0  0/0     7:30   0:00   0:00 
Brandon Burlon           0  0  0   1  0   2  0  0  0  0  0/0     6:28   0:00   0:00 
Chris Kreider            0  0  0   0  0   2  0  0  0  0  0/1    17:02   4:51   0:46 
Erik Christensen         0  0  0   0  0   1  0  0  0  0  1/2     7:12   0:00   0:00 
Jonathan Toews           0  1  1   0  0   0  1  0  0  0  12/27  23:54   5:01   6:38 
Jordan Eberle            0  0  0  -1  0   1  1  0  0  0  0/0    16:16   4:32   3:27 
Kellan Lain              0  0  0   0  2   1  1  0  0  1  0/0     9:10   0:00   0:27 
Kurt Sauer               0  0  0   0  0   1  2  2  0  0  0/0    29:24   5:38   6:13 
Kyle Cumiskey            0  0  0  -1  0   1  0  1  0  0  0/0    10:14   0:00   0:56 
Martin St. Louis         0  1  1   1  0   2  0  0  0  0  0/0    11:01   0:43   0:00 
Matt Duchene             0  0  0  -1  4   0  0  0  0  0  1/1    13:53   5:05   0:15 
Mike Komisarek           0  0  0   1  0   2  0  0  0  0  0/0    26:29   4:28   4:38 
Mikko Koivu              1  0  1   1  2   1  1  0  0  0  3/5    11:12   0:33   0:00 
Patrick Kane             1  0  1   0  0   2  2  1  0  0  6/17   23:58   5:01   6:42 
Ryan Whitney             0  1  1  -1  2   3  0  3  0  0  0/0    24:03   4:28   3:42 
Taylor Hall              0  1  1   1  2   1  0  0  0  0  0/0    18:18   4:32   3:27 
Travis Hamonic           0  0  0   0  0   2  1  2  0  1  0/0    23:21   5:38   6:13 

3 Stars

1 - Jeff Carter (Phi)
2 - Jaromir Jagr (Phi)
3 - Patrick Kane (NJD)

Power Play

Flyers - 1 on 7 Attempt(s) - 14.29%
Devils - 0 on 6 Attempt(s) - 0.00%

Penalty Kill

Flyers - 6 on 6 Attempt(s) - 100.00% - Score 0 goal in Penalty Kill
Devils - 6 on 7 Attempt(s) - 85.71% - Score 0 goal in Penalty Kill

Team Stat

Flyers - Hits : 25 - Faceoff Wins : 30 - Blocked Shots : 9 - Penalty Minutes : 12
Devils - Hits : 13 - Faceoff Wins : 23 - Blocked Shots : 9 - Penalty Minutes : 14

Official

Referees : Fraser Kerry and StPierre Justin
Linesman : Mark Pare and Brad Kovachik

Game Notes

No Game Note

Finance

Level 1 -- Attendance: 6000 (100.00%) -- Ticket Income $540,000
Level 2 -- Attendance: 5000 (100.00%) -- Ticket Income $285,000
Level 3 -- Attendance: 2000 (100.00%) -- Ticket Income $66,000
Level 4 -- Attendance: 4000 (100.00%) -- Ticket Income $100,000
Luxury Box -- Attendance: 1000 (100.00%) -- Ticket Income $155,000
Game was played at the The prudential Center.
Total Attendance: 18000 (100.00%)
Total Ticket Income: $1,146,000
Other Income: $171,900
Total Income: $1,317,900

Flyers

5 vs 5 Forward 
   Center                   Left Wing                Right Wing               Time % Phy DF OF 
 1 Jeff Carter              J.T. Miller              Jaromir Jagr             40     0   1  4  
 2 Kyle Wellwood            Dany Heatley             Jakub Voracek            30     0   1  4  
 3 Marcus Kruger            Drew Miller              Brian McGrattan          20     0   3  2  
 4 Matthew Lombardi         Chris Mcallister         Mats Zuccarello          10     0   3  2  

5 vs 5 Defense 
   Defense                  Defense                                           Time % Phy DF OF 
 1 Matt Smaby               Jeff Woywitka                                     40     0   2  3  
 2 Tom Poti                 Oliver Ekman-Larsson                              30     0   2  3  
 3 Randy Jones              Victor Bartley                                    20     0   3  2  
 4 Oliver Ekman-Larsson     Jeff Woywitka                                     10     0   2  3  

PowerPlay Forward 
   Center                   Left Wing                Right Wing               Time % Phy DF OF 
 1 Jeff Carter              J.T. Miller              Jaromir Jagr             60     0   0  5  
 2 Kyle Wellwood            Dany Heatley             Jakub Voracek            40     0   0  5  

PowerPlay Defense
   Defense                  Defense                                           Time % Phy DF OF 
 1 Jeff Woywitka            Matt Smaby                                        60     0   2  3  
 2 Tom Poti                 Oliver Ekman-Larsson                              40     0   2  3  

Penalty Kill 4 Players Forward 
   Center                   Wing                     Time % Phy DF OF 
 1 Matthew Lombardi         Drew Miller              60     0   5  0  
 2 Kyle Wellwood            Chris Mcallister         40     0   4  1  

Penalty Kill 4 Players Defense
   Defense                  Defense                  Time % Phy DF OF 
 1 Oliver Ekman-Larsson     Tom Poti                 60     0   5  0  
 2 Jeff Woywitka            Matt Smaby               40     0   5  0  

Penalty Kill - 3 Players Forward 
   Forward                                           Time % Phy DF OF 
 1 Matthew Lombardi                                  60     0   5  0  
 2 Kyle Wellwood                                     40     0   4  1  

Penalty Kill - 3 Players Defense
   Defense                  Defense                  Time % Phy DF OF 
 1 Oliver Ekman-Larsson     Tom Poti                 60     0   5  0  
 2 Jeff Woywitka            Matt Smaby               40     0   5  0  

4 vs 4 Forward 
   Center                   Wing                     Time % Phy DF OF 
 1 Jeff Carter              J.T. Miller              60     0   1  4  
 2 Kyle Wellwood            Dany Heatley             40     0   1  4  

4 vs 4 Defense
   Defense                  Defense                  Time % Phy DF OF 
 1 Tom Poti                 Oliver Ekman-Larsson     60     0   3  2  
 2 Matt Smaby               Jeff Woywitka            40     0   3  2  

Last Minutes Offensive
   Center                   Left Wing                Right Wing               Defense                  Defense                  
   Jeff Carter              Dany Heatley             Jaromir Jagr             Oliver Ekman-Larsson     Jeff Woywitka            

Last Minutes Defensive
   Center                   Left Wing                Right Wing               Defense                  Defense                  
   Matthew Lombardi         Drew Miller              Brian McGrattan          Oliver Ekman-Larsson     Jeff Woywitka            

Goaltenders
Starting : Cory Schneider           
Backup : Steve Mason              

Extra Forwards
Normal : Jeff Carter, Dany Heatley, Jakub Voracek - PP : Jeff Carter, Dany Heatley - PK : Matthew Lombardi
Extra Defensemen
Normal : Oliver Ekman-Larsson, Matt Smaby, Jeff Woywitka - PP : Jeff Woywitka - PK : Oliver Ekman-Larsson, Jeff Woywitka
Penalty Shots
Jeff Carter, Kyle Wellwood, Dany Heatley, Jaromir Jagr, Drew Miller

Scratches
Jonathan Ericsson (Broken Bone (Left Ankle) Injury)

Devils

5 vs 5 Forward 
   Center                   Left Wing                Right Wing               Time % Phy DF OF 
 1 Jonathan Toews           Chris Kreider            Patrick Kane             40     0   2  3  
 2 Mikko Koivu              Taylor Hall              Martin St. Louis         30     0   2  3  
 3 Matt Duchene             Brandon Bollig           Jordan Eberle            20     0   2  3  
 4 Erik Christensen         Kellan Lain              Anthony Stewart          10     0   3  2  

5 vs 5 Defense 
   Defense                  Defense                                           Time % Phy DF OF 
 1 Ryan Whitney             Kurt Sauer                                        40     1   2  2  
 2 Mike Komisarek           Travis Hamonic                                    30     1   2  2  
 3 Mike Komisarek           Kyle Cumiskey                                     20     1   2  2  
 4 Brandon Burlon           Kurt Sauer                                        10     1   2  2  

PowerPlay Forward 
   Center                   Left Wing                Right Wing               Time % Phy DF OF 
 1 Jonathan Toews           Chris Kreider            Patrick Kane             60     1   2  2  
 2 Matt Duchene             Taylor Hall              Jordan Eberle            40     1   2  2  

PowerPlay Defense
   Defense                  Defense                                           Time % Phy DF OF 
 1 Travis Hamonic           Kurt Sauer                                        60     1   2  2  
 2 Mike Komisarek           Ryan Whitney                                      40     1   2  2  

Penalty Kill 4 Players Forward 
   Center                   Wing                     Time % Phy DF OF 
 1 Patrick Kane             Jonathan Toews           60     1   2  2  
 2 Jordan Eberle            Taylor Hall              40     1   2  2  

Penalty Kill 4 Players Defense
   Defense                  Defense                  Time % Phy DF OF 
 1 Travis Hamonic           Kurt Sauer               60     1   2  2  
 2 Mike Komisarek           Ryan Whitney             40     1   2  2  

Penalty Kill - 3 Players Forward 
   Forward                                           Time % Phy DF OF 
 1 Patrick Kane                                      60     1   2  2  
 2 Jonathan Toews                                    40     1   2  2  

Penalty Kill - 3 Players Defense
   Defense                  Defense                  Time % Phy DF OF 
 1 Travis Hamonic           Kurt Sauer               60     1   2  2  
 2 Mike Komisarek           Ryan Whitney             40     1   2  2  

4 vs 4 Forward 
   Center                   Wing                     Time % Phy DF OF 
 1 Patrick Kane             Jonathan Toews           60     1   2  2  
 2 Jordan Eberle            Taylor Hall              40     1   2  2  

4 vs 4 Defense
   Defense                  Defense                  Time % Phy DF OF 
 1 Travis Hamonic           Kurt Sauer               60     1   2  2  
 2 Mike Komisarek           Ryan Whitney             40     1   2  2  

Last Minutes Offensive
   Center                   Left Wing                Right Wing               Defense                  Defense                  
   Jonathan Toews           Taylor Hall              Patrick Kane             Travis Hamonic           Kurt Sauer               

Last Minutes Defensive
   Center                   Left Wing                Right Wing               Defense                  Defense                  
   Jonathan Toews           Taylor Hall              Patrick Kane             Travis Hamonic           Kurt Sauer               

Goaltenders
Starting : Ryan Miller              
Backup : James Reimer             

Extra Forwards
Normal : Martin St. Louis, Mikko Koivu, Kellan Lain - PP : Martin St. Louis, Mikko Koivu - PK : Kellan Lain
Extra Defensemen
Normal : Ryan Whitney, Kyle Cumiskey, Mike Komisarek - PP : Ryan Whitney - PK : Kyle Cumiskey, Mike Komisarek
Penalty Shots
Patrick Kane, Jonathan Toews, Jordan Eberle, Taylor Hall, Matt Duchene

Scratches
Dmitry Kulikov (Healthy), Tyler Cuma (Sports Hernia Injury)

% Time on Ice - Flyers

Lines # - Real PCT - Wanted PCT - Time Play
Normal Forward
1 - 33% - 40% - 12:33
2 - 27% - 30% - 10:20
3 - 24% - 20% - 9:07
4 - 15% - 10% - 5:37
Normal Defense
1 - 41% - 40% - 15:31
2 - 32% - 30% - 11:58
3 - 27% - 20% - 10:08
4 - 0% - 10% - 0:00
PP Forward
1 - 59% - 60% - 6:25
2 - 41% - 40% - 4:26
PP Defense
1 - 55% - 60% - 5:58
2 - 45% - 40% - 4:53
PK Forward
1 - 69% - 60% - 7:00
2 - 31% - 40% - 3:06
PK Defense
1 - 70% - 60% - 7:07
2 - 30% - 40% - 2:59
PK3 Forward
1 - 0% - 60%
2 - 0% - 40%
PK3 Defense
1 - 0% - 60%
2 - 0% - 40%
44 Forward
1 - 73% - 60% - 1:03
2 - 27% - 40% - 0:23
44 Defense
1 - 48% - 60% - 0:41
2 - 52% - 40% - 0:45
Last Minute Offensive  - 0:00
Last Minute Defensive  - 0:00
Total
Forward - 60:00
Defense - 60:00

% Time on Ice - Devils

Lines # - Real PCT - Wanted PCT - Time Play
Normal Forward
1 - 30% - 40% - 11:24
2 - 32% - 30% - 11:59
3 - 19% - 20% - 7:02
4 - 19% - 10% - 7:12
Normal Defense
1 - 35% - 40% - 12:59
2 - 29% - 30% - 11:01
3 - 20% - 20% - 7:29
4 - 16% - 10% - 6:08
PP Forward
1 - 55% - 60% - 5:34
2 - 45% - 40% - 4:32
PP Defense
1 - 56% - 60% - 5:38
2 - 44% - 40% - 4:28
PK Forward
1 - 68% - 60% - 7:24
2 - 32% - 40% - 3:27
PK Defense
1 - 57% - 60% - 6:13
2 - 43% - 40% - 4:38
PK3 Forward
1 - 0% - 60%
2 - 0% - 40%
PK3 Defense
1 - 0% - 60%
2 - 0% - 40%
44 Forward
1 - 78% - 60% - 1:07
2 - 22% - 40% - 0:19
44 Defense
1 - 72% - 60% - 1:02
2 - 28% - 40% - 0:24
Last Minute Offensive  - 0:00
Last Minute Defensive  - 0:00
Total
Forward - 60:00
Defense - 60:00

Play by Play

1st period


0:01 of 1st period - Jonathan Toews wins face-off versus J.T. Miller in neutral zone.
0:49 of 1st period - Brian McGrattan is hit by Anthony Stewart and loses puck.
0:54 of 1st period - Wrist shot by Kellan Lain.
0:54 of 1st period - Shot Misses the Net.
0:56 of 1st period - Snap shot by Erik Christensen.
0:56 of 1st period - Shot Blocked by Jeff Woywitka.
0:58 of 1st period - Wrist shot by Anthony Stewart.
0:58 of 1st period - Shot Misses the Net.
1:04 of 1st period - Minor Penalty to Marcus Kruger for Holding.
1:05 of 1st period - Jonathan Toews wins face-off versus Matthew Lombardi in Flyers zone.
2:28 of 1st period - Snap shot by Chris Kreider.
2:28 of 1st period - Stopped by Cory Schneider without a rebound.
2:29 of 1st period - J.T. Miller wins face-off versus Jonathan Toews in Flyers zone.
2:29 of 1st period - J.T. Miller is hit by Patrick Kane.
2:47 of 1st period - Snap shot by Patrick Kane.
2:47 of 1st period - Shot Misses the Net.
2:49 of 1st period - Slapshot by Travis Hamonic.
2:49 of 1st period - Stopped by Cory Schneider without a rebound.
2:50 of 1st period - Jonathan Toews wins face-off versus Matthew Lombardi in Flyers zone.
3:04 of 1st period - Penalty to Marcus Kruger is over, Marcus Kruger is back on ice.
3:15 of 1st period - Martin St. Louis is hit by Jaromir Jagr and loses puck.
3:24 of 1st period - Wrist shot by Jeff Carter.
3:24 of 1st period - Shot Misses the Net.
3:31 of 1st period - Minor Penalty to Mikko Koivu for Interference.
3:32 of 1st period - Jeff Carter wins face-off versus Patrick Kane in Devils zone.
4:46 of 1st period - Wrist shot by Chris Kreider.
4:46 of 1st period - Shot Misses the Net.
5:31 of 1st period - Penalty to Mikko Koivu is over, Mikko Koivu is back on ice.
5:33 of 1st period - Snap shot by Patrick Kane.
5:33 of 1st period - Shot Misses the Net.
5:43 of 1st period - Travis Hamonic is hit by Matthew Lombardi and loses puck.
6:16 of 1st period - Matthew Lombardi is hit by Brandon Bollig and loses puck.
7:41 of 1st period - Wrist shot by Matt Duchene.
7:41 of 1st period - Shot Misses the Net.
7:49 of 1st period - Minor Penalty to Matt Duchene for Interference.
7:50 of 1st period - Jeff Carter wins face-off versus Patrick Kane in Devils zone.
7:57 of 1st period - Wrist shot by Jeff Carter.
7:57 of 1st period - Stopped by Ryan Miller with a rebound.
7:59 of 1st period - Slapshot by J.T. Miller.
7:59 of 1st period - Stopped by Ryan Miller without a rebound.
8:00 of 1st period - Jeff Carter wins face-off versus Patrick Kane in Devils zone.
8:05 of 1st period - Snap shot by J.T. Miller.
8:05 of 1st period - Stopped by Ryan Miller without a rebound.
8:06 of 1st period - Jeff Carter wins face-off versus Patrick Kane in Devils zone.
8:22 of 1st period - Minor Penalty to Matt Smaby for Kneeing.
8:23 of 1st period - Jeff Carter wins face-off versus Patrick Kane in Flyers zone.
8:57 of 1st period - Icing by Travis Hamonic.
8:58 of 1st period - Kyle Wellwood wins face-off versus Patrick Kane in Devils zone.
9:45 of 1st period - Slapshot by Mikko Koivu.
9:45 of 1st period - Shot Misses the Net.
9:49 of 1st period - Penalty to Matt Duchene is over, Matt Duchene is back on ice.
10:22 of 1st period - Penalty to Matt Smaby is over, Matt Smaby is back on ice.
10:38 of 1st period - Snap shot by Matt Duchene.
10:38 of 1st period - Shot Misses the Net.
10:40 of 1st period - Wrist shot by Mikko Koivu.
10:40 of 1st period - Deflect By Matt Duchene.
10:40 of 1st period - Shot Blocked by Jeff Woywitka.
10:40 of 1st period - Puck is out of play.
10:41 of 1st period - Jonathan Toews wins face-off versus Kyle Wellwood in Flyers zone.
10:42 of 1st period - Snap shot by Chris Kreider.
10:42 of 1st period - Shot Misses the Net.
11:14 of 1st period - Minor Penalty to Brian McGrattan for Hooking.
11:15 of 1st period - Matthew Lombardi wins face-off versus Jonathan Toews in Flyers zone.
11:15 of 1st period - Matthew Lombardi is hit by Jonathan Toews.
11:32 of 1st period - Snap shot by Patrick Kane.
11:32 of 1st period - Shot Misses the Net.
13:14 of 1st period - Penalty to Brian McGrattan is over, Brian McGrattan is back on ice.
13:23 of 1st period - Snap shot by Jeff Carter.
13:23 of 1st period - Shot Blocked by Ryan Whitney.
14:01 of 1st period - Jonathan Toews is hit by Jeff Carter.
14:15 of 1st period - Tom Poti is hit by Mikko Koivu and loses puck.
14:27 of 1st period - Minor Penalty to Brandon Bollig for Hooking.
14:28 of 1st period - Patrick Kane wins face-off versus Jeff Carter in Devils zone.
14:45 of 1st period - Backhand shot by Matt Smaby.
14:45 of 1st period - Shot Blocked by Patrick Kane.
15:01 of 1st period - Wrist shot by Jakub Voracek.
15:01 of 1st period - Stopped by Ryan Miller without a rebound.
15:02 of 1st period - Kyle Wellwood wins face-off versus Patrick Kane in Devils zone.
15:03 of 1st period - Slapshot by Jakub Voracek.
15:03 of 1st period - Shot Misses the Net.
16:27 of 1st period - Penalty to Brandon Bollig is over, Brandon Bollig is back on ice.
16:43 of 1st period - Slapshot by Matt Smaby.
16:43 of 1st period - Stopped by Ryan Miller with a rebound.
17:40 of 1st period - Wrist shot by Patrick Kane.
17:40 of 1st period - Shot Misses the Net.
17:42 of 1st period - Wrist shot by Chris Kreider.
17:42 of 1st period - Deflect By Patrick Kane.
17:42 of 1st period - Shot Misses the Net.
17:42 of 1st period - Puck is out of play.
17:43 of 1st period - Jonathan Toews wins face-off versus Marcus Kruger in Flyers zone.
17:46 of 1st period - Snap shot by Chris Kreider.
17:46 of 1st period - Stopped by Cory Schneider with a rebound.
18:00 of 1st period - Snap shot by Matt Duchene.
18:00 of 1st period - Shot Blocked by Jaromir Jagr.
18:02 of 1st period - Snap shot by Jordan Eberle.
18:02 of 1st period - Shot Blocked by Tom Poti.
18:04 of 1st period - Slapshot by Brandon Burlon.
18:04 of 1st period - Deflect By J.T. Miller.
18:04 of 1st period - Stopped by Cory Schneider with a rebound.
18:06 of 1st period - Backhand shot by Kurt Sauer.
18:06 of 1st period - Shot Blocked by Jeff Carter.
18:08 of 1st period - Slapshot by Kurt Sauer.
18:08 of 1st period - Stopped by Cory Schneider without a rebound.
18:09 of 1st period - Jeff Carter wins face-off versus Jonathan Toews in Flyers zone.
18:20 of 1st period - Snap shot by J.T. Miller.
18:20 of 1st period - Stopped by Ryan Miller without a rebound.
18:21 of 1st period - Jonathan Toews wins face-off versus Jeff Carter in Devils zone.
18:25 of 1st period - Off-side.
18:26 of 1st period - J.T. Miller wins face-off versus Jonathan Toews in neutral zone.
18:37 of 1st period - Snap shot by Jeff Carter.
18:37 of 1st period - Shot Misses the Net.
18:39 of 1st period - Backhand shot by Jaromir Jagr.
18:39 of 1st period - Stopped by Ryan Miller without a rebound.
18:40 of 1st period - Patrick Kane wins face-off versus J.T. Miller in Devils zone.
18:49 of 1st period - Wrist shot by Patrick Kane.
18:49 of 1st period - Shot Blocked by Matt Smaby.
18:57 of 1st period - Snap shot by Patrick Kane.
18:57 of 1st period - Shot Misses the Net.
19:33 of 1st period - Off-side.
19:34 of 1st period - Erik Christensen wins face-off versus Marcus Kruger in neutral zone.
19:56 of 1st period - Icing by Travis Hamonic.
19:57 of 1st period - Jeff Carter wins face-off versus Erik Christensen in Devils zone.
19:58 of 1st period - Wrist shot by J.T. Miller.
19:58 of 1st period - Shot Misses the Net.
Goals for this period are 0 for Flyers vs 0 for Devils.
Shots for this period are 7 for Flyers vs 5 for Devils.
0:00 of 2nd period - Minor Penalty to Kellan Lain for Roughing.

2nd period


0:01 of 2nd period - Patrick Kane wins face-off versus Jeff Carter in neutral zone.
0:10 of 2nd period - Snap shot by Jonathan Toews.
0:10 of 2nd period - Shot Misses the Net.
0:12 of 2nd period - Slapshot by Kurt Sauer.
0:12 of 2nd period - Shot Misses the Net.
0:16 of 2nd period - Wrist shot by Jonathan Toews.
0:16 of 2nd period - Shot Misses the Net.
0:26 of 2nd period - Travis Hamonic is hit by Dany Heatley and loses puck.
1:34 of 2nd period - J.T. Miller is hit by Kurt Sauer and loses puck.
2:00 of 2nd period - Penalty to Kellan Lain is over, Kellan Lain is back on ice.
2:14 of 2nd period - Icing by Brandon Burlon.
2:15 of 2nd period - Mikko Koivu wins face-off versus Marcus Kruger in Devils zone.
2:40 of 2nd period - Snap shot by Jonathan Toews.
2:40 of 2nd period - Shot Misses the Net.
2:42 of 2nd period - Backhand shot by Ryan Whitney.
2:42 of 2nd period - Deflect By Patrick Kane.
2:42 of 2nd period - Goal by Patrick Kane - Flyers : 0 - Devils : 1.
2:43 of 2nd period - Jeff Carter wins face-off versus Jonathan Toews in neutral zone.
2:48 of 2nd period - Snap shot by Jeff Carter.
2:48 of 2nd period - Shot Blocked by Kurt Sauer.
3:34 of 2nd period - Oliver Ekman-Larsson is hit by Brandon Bollig and loses puck.
3:43 of 2nd period - Jordan Eberle is hit by Brian McGrattan and loses puck.
4:03 of 2nd period - Kellan Lain is hit by Victor Bartley and loses puck.
4:22 of 2nd period - Snap shot by Travis Hamonic.
4:22 of 2nd period - Stopped by Cory Schneider with a rebound.
4:38 of 2nd period - Wrist shot by Taylor Hall.
4:38 of 2nd period - Stopped by Cory Schneider without a rebound.
4:39 of 2nd period - Kyle Wellwood wins face-off versus Mikko Koivu in Flyers zone.
4:44 of 2nd period - Snap shot by Jakub Voracek.
4:44 of 2nd period - Shot Blocked by Ryan Whitney.
4:50 of 2nd period - Snap shot by Mikko Koivu.
4:50 of 2nd period - Shot Misses the Net.
4:52 of 2nd period - Slapshot by Taylor Hall.
4:52 of 2nd period - Shot Misses the Net.
4:54 of 2nd period - Slapshot by Ryan Whitney.
4:54 of 2nd period - Deflect By Jakub Voracek.
4:54 of 2nd period - Stopped by Cory Schneider with a rebound.
5:06 of 2nd period - Jonathan Toews is hit by Matt Smaby and loses puck.
5:52 of 2nd period - Snap shot by Mikko Koivu.
5:52 of 2nd period - Shot Misses the Net.
5:54 of 2nd period - Slapshot by Mike Komisarek.
5:54 of 2nd period - Stopped by Cory Schneider without a rebound.
5:55 of 2nd period - Mikko Koivu wins face-off versus Jeff Carter in Flyers zone.
5:58 of 2nd period - Snap shot by Mikko Koivu.
5:58 of 2nd period - Shot Blocked by J.T. Miller.
6:22 of 2nd period - Dany Heatley is hit by Patrick Kane and loses puck.
6:45 of 2nd period - Matt Duchene is hit by Marcus Kruger and loses puck.
6:56 of 2nd period - Snap shot by Marcus Kruger.
6:56 of 2nd period - Goal by Marcus Kruger - Flyers : 1 - Devils : 1.
6:57 of 2nd period - Jeff Carter wins face-off versus Jonathan Toews in neutral zone.
7:02 of 2nd period - Wrist shot by Jeff Carter.
7:02 of 2nd period - Stopped by Ryan Miller without a rebound.
7:03 of 2nd period - Jeff Carter wins face-off versus Jonathan Toews in Devils zone.
7:06 of 2nd period - Snap shot by Jeff Carter.
7:06 of 2nd period - Stopped by Ryan Miller without a rebound.
7:07 of 2nd period - Jeff Carter wins face-off versus Jonathan Toews in Devils zone.
7:10 of 2nd period - Slapshot by Jeff Carter.
7:10 of 2nd period - Goal by Jeff Carter - Flyers : 2 - Devils : 1.
7:11 of 2nd period - Jeff Carter wins face-off versus Jonathan Toews in neutral zone.
8:08 of 2nd period - Snap shot by Drew Miller.
8:08 of 2nd period - Shot Misses the Net.
8:14 of 2nd period - Minor Penalty to Matt Duchene for High sticking.
8:15 of 2nd period - Jeff Carter wins face-off versus Patrick Kane in Devils zone.
8:44 of 2nd period - Snap shot by Jakub Voracek.
8:44 of 2nd period - Shot Misses the Net.
9:08 of 2nd period - Snap shot by Jeff Carter.
9:08 of 2nd period - Stopped by Ryan Miller without a rebound.
9:09 of 2nd period - Jeff Carter wins face-off versus Patrick Kane in Devils zone.
9:10 of 2nd period - Snap shot by Jaromir Jagr.
9:10 of 2nd period - Stopped by Ryan Miller with a rebound.
10:14 of 2nd period - Penalty to Matt Duchene is over, Matt Duchene is back on ice.
10:20 of 2nd period - Brandon Burlon is hit by Matthew Lombardi and loses puck.
10:29 of 2nd period - Slapshot by Mats Zuccarello.
10:29 of 2nd period - Shot Misses the Net.
10:59 of 2nd period - Wrist shot by Jeff Carter.
10:59 of 2nd period - Shot Misses the Net.
11:47 of 2nd period - Slapshot by Jeff Woywitka.
11:47 of 2nd period - Shot Misses the Net.
11:57 of 2nd period - Mikko Koivu is hit by Brian McGrattan and loses puck.
12:24 of 2nd period - Wrist shot by Kyle Wellwood.
12:24 of 2nd period - Stopped by Ryan Miller without a rebound.
12:25 of 2nd period - Matt Duchene wins face-off versus Kyle Wellwood in Devils zone.
12:25 of 2nd period - Matt Duchene is hit by Victor Bartley.
12:37 of 2nd period - Backhand shot by Oliver Ekman-Larsson.
12:37 of 2nd period - Shot Blocked by Kurt Sauer.
12:39 of 2nd period - Slapshot by Jakub Voracek.
12:39 of 2nd period - Stopped by Ryan Miller without a rebound.
12:40 of 2nd period - Jeff Carter wins face-off versus Jonathan Toews in Devils zone.
12:50 of 2nd period - Snap shot by Patrick Kane.
12:50 of 2nd period - Shot Misses the Net.
12:56 of 2nd period - Slapshot by Chris Kreider.
12:56 of 2nd period - Shot Blocked by Oliver Ekman-Larsson.
13:08 of 2nd period - Snap shot by Jakub Voracek.
13:08 of 2nd period - Shot Misses the Net.
14:20 of 2nd period - Wrist shot by Ryan Whitney.
14:20 of 2nd period - Stopped by Cory Schneider with a rebound.
15:04 of 2nd period - Ryan Whitney is hit by Brian McGrattan and loses puck.
15:19 of 2nd period - Wrist shot by Patrick Kane.
15:19 of 2nd period - Stopped by Cory Schneider with a rebound.
15:42 of 2nd period - Slapshot by Dany Heatley.
15:42 of 2nd period - Stopped by Ryan Miller without a rebound.
15:43 of 2nd period - Jeff Carter wins face-off versus Mikko Koivu in Devils zone.
15:53 of 2nd period - Minor Penalty to Taylor Hall for Close Hand On Puck.
15:54 of 2nd period - Jeff Carter wins face-off versus Patrick Kane in Devils zone.
16:07 of 2nd period - Off-side.
16:08 of 2nd period - Jeff Carter wins face-off versus Patrick Kane in neutral zone.
16:11 of 2nd period - Wrist shot by Jeff Woywitka.
16:11 of 2nd period - Shot Blocked by Travis Hamonic.
16:13 of 2nd period - Slapshot by Jeff Woywitka.
16:13 of 2nd period - Shot Blocked by Travis Hamonic.
16:15 of 2nd period - Snap shot by Jaromir Jagr.
16:15 of 2nd period - Goal by Jaromir Jagr - Flyers : 3 - Devils : 1.
16:16 of 2nd period - Jonathan Toews wins face-off versus Jeff Carter in neutral zone.
16:18 of 2nd period - Off-side.
16:19 of 2nd period - Jeff Carter wins face-off versus Jonathan Toews in neutral zone.
16:46 of 2nd period - Snap shot by Jakub Voracek.
16:46 of 2nd period - Deflect By Kyle Wellwood.
16:46 of 2nd period - Stopped by Ryan Miller without a rebound.
16:47 of 2nd period - Mikko Koivu wins face-off versus Dany Heatley in Devils zone.
16:47 of 2nd period - Mikko Koivu is hit by Kyle Wellwood.
16:54 of 2nd period - Minor Penalty to Kyle Wellwood for Holding.
16:55 of 2nd period - Matthew Lombardi wins face-off versus Jonathan Toews in Flyers zone.
18:54 of 2nd period - Penalty to Kyle Wellwood is over, Kyle Wellwood is back on ice.
19:07 of 2nd period - Wrist shot by Kyle Wellwood.
19:07 of 2nd period - Shot Blocked by Ryan Whitney.
19:09 of 2nd period - Slapshot by Victor Bartley.
19:09 of 2nd period - Shot Misses the Net.
19:11 of 2nd period - Slapshot by Victor Bartley.
19:11 of 2nd period - Stopped by Ryan Miller with a rebound.
19:13 of 2nd period - Slapshot by Victor Bartley.
19:13 of 2nd period - Stopped by Ryan Miller with a rebound.
19:45 of 2nd period - Brandon Bollig is hit by Dany Heatley and loses puck.
Goals for this period are 3 for Flyers vs 1 for Devils.
Shots for this period are 13 for Flyers vs 7 for Devils.

3rd period


0:01 of 3rd period - Jonathan Toews wins face-off versus Jeff Carter in neutral zone.
0:04 of 3rd period - Wrist shot by Patrick Kane.
0:04 of 3rd period - Shot Misses the Net.
0:51 of 3rd period - Matt Smaby is hit by Travis Hamonic and loses puck.
1:31 of 3rd period - Wrist shot by Jordan Eberle.
1:31 of 3rd period - Shot Misses the Net.
1:33 of 3rd period - Slapshot by Jordan Eberle.
1:33 of 3rd period - Shot Misses the Net.
1:35 of 3rd period - Slapshot by Mike Komisarek.
1:35 of 3rd period - Stopped by Cory Schneider without a rebound.
1:36 of 3rd period - Kyle Wellwood wins face-off versus Jonathan Toews in Flyers zone.
2:03 of 3rd period - Drew Miller is hit by Kurt Sauer and loses puck.
2:31 of 3rd period - Erik Christensen is hit by Matthew Lombardi.
2:41 of 3rd period - Backhand shot by Jakub Voracek.
2:41 of 3rd period - Stopped by Ryan Miller without a rebound.
2:42 of 3rd period - Jonathan Toews wins face-off versus Kyle Wellwood in Devils zone.
2:42 of 3rd period - Patrick Kane is hit by Kyle Wellwood and loses puck.
2:47 of 3rd period - Wrist shot by Jakub Voracek.
2:47 of 3rd period - Shot Blocked by Kyle Cumiskey.
2:49 of 3rd period - Wrist shot by Dany Heatley.
2:49 of 3rd period - Stopped by Ryan Miller without a rebound.
2:50 of 3rd period - Jonathan Toews wins face-off versus Dany Heatley in Devils zone.
2:50 of 3rd period - Jonathan Toews is hit by Jeff Woywitka.
3:20 of 3rd period - Wrist shot by Martin St. Louis.
3:20 of 3rd period - Stopped by Cory Schneider with a rebound.
4:48 of 3rd period - Snap shot by Martin St. Louis.
4:48 of 3rd period - Stopped by Cory Schneider with a rebound.
4:50 of 3rd period - Slapshot by Kyle Cumiskey.
4:50 of 3rd period - Stopped by Cory Schneider with a rebound.
5:08 of 3rd period - Matthew Lombardi is hit by Jordan Eberle and loses puck.
5:33 of 3rd period - Brandon Burlon is hit by J.T. Miller and loses puck.
5:44 of 3rd period - Slapshot by Patrick Kane.
5:44 of 3rd period - Shot Blocked by Kyle Wellwood.
5:46 of 3rd period - Slapshot by Brandon Burlon.
5:46 of 3rd period - Stopped by Cory Schneider with a rebound.
6:10 of 3rd period - Wrist shot by Taylor Hall.
6:10 of 3rd period - Deflect By Mikko Koivu.
6:10 of 3rd period - Goal by Mikko Koivu - Flyers : 3 - Devils : 2.
6:11 of 3rd period - Jeff Carter wins face-off versus Jonathan Toews in neutral zone.
7:54 of 3rd period - J.T. Miller is hit by Kellan Lain and loses puck.
8:02 of 3rd period - Minor Penalty to Ryan Whitney for Goalie Interference.
8:03 of 3rd period - Patrick Kane wins face-off versus Jeff Carter in Devils zone.
8:03 of 3rd period - Patrick Kane is hit by J.T. Miller.
8:19 of 3rd period - Snap shot by J.T. Miller.
8:19 of 3rd period - Stopped by Ryan Miller without a rebound.
8:20 of 3rd period - Patrick Kane wins face-off versus Kyle Wellwood in Devils zone.
8:33 of 3rd period - Off-side.
8:34 of 3rd period - Patrick Kane wins face-off versus Jeff Carter in neutral zone.
9:16 of 3rd period - Jordan Eberle is hit by Jakub Voracek.
9:24 of 3rd period - Jordan Eberle is hit by Jeff Carter and loses puck.
10:02 of 3rd period - Penalty to Ryan Whitney is over, Ryan Whitney is back on ice.
10:35 of 3rd period - Chris Mcallister is hit by Anthony Stewart and loses puck.
10:40 of 3rd period - Wrist shot by Erik Christensen.
10:40 of 3rd period - Stopped by Cory Schneider with a rebound.
10:42 of 3rd period - Snap shot by Kellan Lain.
10:42 of 3rd period - Stopped by Cory Schneider without a rebound.
10:43 of 3rd period - Jeff Carter wins face-off versus Chris Kreider in Flyers zone.
10:50 of 3rd period - Snap shot by J.T. Miller.
10:50 of 3rd period - Shot Misses the Net.
11:13 of 3rd period - Slapshot by Ryan Whitney.
11:13 of 3rd period - Stopped by Cory Schneider without a rebound.
11:14 of 3rd period - Jonathan Toews wins face-off versus Kyle Wellwood in Flyers zone.
11:41 of 3rd period - Slapshot by Matt Smaby.
11:41 of 3rd period - Stopped by Ryan Miller with a rebound.
12:07 of 3rd period - Jordan Eberle is hit by Matt Smaby and loses puck.
12:53 of 3rd period - Minor Penalty to Randy Jones for Tripping.
12:54 of 3rd period - Matthew Lombardi wins face-off versus Jonathan Toews in Flyers zone.
13:34 of 3rd period - Slapshot by Jordan Eberle.
13:34 of 3rd period - Stopped by Cory Schneider with a rebound.
14:53 of 3rd period - Penalty to Randy Jones is over, Randy Jones is back on ice.
17:26 of 3rd period - Anthony Stewart is hit by Matthew Lombardi and loses puck.
18:22 of 3rd period - Minor Penalty to Tom Poti for Cross-checking.
18:23 of 3rd period - Jonathan Toews wins face-off versus Matthew Lombardi in Flyers zone.
19:40 of 3rd period - Mike Komisarek is hit by Matt Smaby.
19:56 of 3rd period - Kurt Sauer is hit by J.T. Miller and loses puck.
Goals for this period are 0 for Flyers vs 1 for Devils.
Shots for this period are 4 for Flyers vs 10 for Devils.